 Dungeon Crawl Stone Soup version 0.28.0 (webtiles) character file.

Game seed: 5664329512022294334

1495 Lathuz the Cleaver (level 8, -5/74 HPs)
             Began as a Minotaur Berserker on Feb 9, 2022.
             Was a Priest of Trog.
             Slain by a sky beast (6 damage)
             ... on level 5 of the Dungeon.
             The game lasted 00:06:48 (4800 turns).

Lathuz the Cleaver (Minotaur Berserker)             Turns: 4800, Time: 00:06:49

Health: -5/74      AC:  6    Str: 25    XL:     8   Next: 51%
Magic:  7/7        EV: 10    Int:  4    God:    Trog [***...]
Gold:   246        SH:  0    Dex:  9    Spells: 7/7 levels left

rFire   . . .      SeeInvis .   a - +0 hand axe
rCold   . . .      Faith    .   (no shield)
rNeg    . . .      Spirit   .   f - +0 scale mail
rPois   .          Reflect  .   (helmet restricted)
rElec   .          Harm     .   (no cloak)
rCorr   .          Rampage  .   (no gloves)
Will    .....                   (no boots)
Stlth   ..........              (no amulet)
HPRegen 0.22/turn               (no ring)
MPRegen 0.10/turn               (no ring)

@: on berserk cooldown
A: horns 2, retaliatory headbutt
a: Renounce Religion, Berserk, Trog's Hand


You were on level 5 of the Dungeon.
You worshipped Trog.
Trog was most pleased with you.
You visited 1 branch of the dungeon, and saw 5 of its levels.

You collected 246 gold pieces.

Inventory:

Hand Weapons
 a - a +0 hand axe (weapon)
 t - a +2 whip of freezing
Missiles
 c - 6 javelins
 k - 7 poisoned darts
 s - 123 stones (quivered)
Armour
 f - a +0 scale mail (worn)
 q - an orb of guile
Jewellery
 r - the ring "Zol Qai" {+Blink rC++ Will+}
   (You took it off a centaur on level 5 of the Dungeon)

   [ring of willpower]

   rC:        It greatly protects you from cold.
   +Blink:    It lets you blink.
   Will:      It increases your willpower.
Wands
 d - a wand of digging (4)
Scrolls
 e - a scroll of enchant weapon {unknown}
 i - 4 scrolls of teleportation {unknown}
 m - a scroll of fog {unknown}
 o - 2 scrolls of identify {unknown}
Potions
 b - a potion of might {unknown}
 g - a potion of heal wounds {unknown}
 h - a potion of brilliance {unknown}
 j - 2 potions of degeneration {unknown}
 l - a potion of curing {unknown}
 n - a potion of cancellation {unknown}
 p - a potion of lignification {unknown}


   Skills:
 + Level 8.2 Fighting
 * Level 11.0 Axes
 - Level 2.4 Armour
 - Level 2.1 Dodging


You had 7 spell levels left.
You didn't know any spells.
Your spell library was empty.

Dungeon Overview and Level Annotations

Branches:
Dungeon (5/15)
 Temple: D:4-7

Altars:
Hepliaklqana


Innate Abilities, Weirdness & Mutations

You have a pair of horns on your head.
You reflexively headbutt those who attack you in melee.


Message History

You kill the acid dragon!
The acid dragon scales are intact enough to wear.
Your Axes skill increases to level 11!
The adder bites you.
* * * LOW HITPOINT WARNING * * *
An ogre comes into view. It is wielding a +0 giant club.
The ogre shouts!
You hit the adder but do no damage.
The adder is moderately wounded.
You hit the sky beast but do no damage. The adder bites you.
* * * LOW HITPOINT WARNING * * *
The adder bites you.
* * * LOW HITPOINT WARNING * * *
You hit the adder but do no damage.
The adder is moderately wounded.
You hit the sky beast.
A hound comes into view.
The adder bites you.
* * * LOW HITPOINT WARNING * * *
The sky beast hits you.
* * * LOW HITPOINT WARNING * * *
The sky beast shocks you.
* * * LOW HITPOINT WARNING * * *
The hound moves out of view.
You slash the adder!
You kill the adder!
You miss the sky beast.
You feel yourself speed up.
The sky beast flickers out of sight!
Deactivating autopickup; reactivate with Ctrl-A.
You hit something but do no damage. Something hits you.
* * * LOW HITPOINT WARNING * * *
Something shocks you.
* * * LOW HITPOINT WARNING * * *
You hit something.
You are no longer corroded.
Something hits you.
* * * LOW HITPOINT WARNING * * *
Something shocks you.
You die...

########.....#.# #.#......
#......###.###.# #...##.##
#5K.####...###..#######.###.##
#...## ###...##.........###.##
.... ##....######........# ...
### .##....##....#####... ..
#..# ..##....####.# ##.. .
≈..≈ #..#....# #.# ###
.##S/#.8#@...# #.# #
>$.≈#..#O{..####.# #
.≈...#....#....# #
#.8#....####.# # #..[....#
##.## #####
#Y.##....###...###....
#..##...[###.....##.###
...##....##..........#
#..###...######.....#..#


You could see an ogre.

Vanquished Creatures
  Pikel (D:5)
  Prince Ribbit (D:5)
  An acid dragon (D:5)
  A necrophage (D:5)
  An ogre (D:4)
  A centaur (D:5)
  Blork the orc (D:4)
  A vampire bat (D:3)
  A howler monkey (D:4)
  A hound (D:5)
  An iguana (D:5)
  A gnoll shaman (D:5)
  Ijyb (D:5)
  A scorpion zombie (D:5)
  A killer bee zombie (D:5)
  7 adders
  2 ufetubi (D:5)
  An adder skeleton (D:4)
  3 dart slugs
  3 fire bats (D:3)
  2 spectral bats (D:3)
  3 bat skeletons (D:3)
  A bat zombie (D:3)
  6 endoplasms
  4 giant cockroaches
  10 goblins
  8 hobgoblins
  3 jackals (D:4)
  5 kobolds
  2 quokkas
  7 ball pythons
  16 bats
  A bat simulacrum (D:3)
  5 frilled lizards
  4 rats
108 creatures vanquished.

Notes
Turn   | Place    | Note
-------+----------+-------------------------------------------
     0 | D:1      | Lathuz the Minotaur Berserker began the quest for the Orb.
     0 | D:1      | Reached XP level 1. HP: 19/19 MP: 0/0
    98 | D:1      | Reached skill level 4 in Axes
   248 | D:1      | Reached XP level 2. HP: 22/27 MP: 1/1
   947 | D:2      | Reached XP level 3. HP: 28/33 MP: 2/2
  1005 | D:2      | Found a hazy altar of Hepliaklqana.
  1319 | D:2      | Found a faded altar of an unknown god.
  1396 | D:2      | Reached skill level 5 in Axes
  1489 | D:2      | Reached ** piety under Trog
  1762 | D:2      | Reached XP level 4. HP: 41/41 MP: 3/3
  2865 | D:3      | Reached skill level 6 in Axes
  2869 | D:3      | Reached skill level 5 in Fighting
  2869 | D:3      | Reached XP level 5. HP: 48/48 MP: 4/4
  3069 | D:4      | Noticed an ogre
  3076 | D:4      | Killed an ogre
  3077 | D:4      | Reached skill level 7 in Axes
  3077 | D:4      | Reached XP level 6. HP: 57/57 MP: 5/5
  3165 | D:4      | Identified the +1 helmet "Jimuig" {rElec rPois rN+ Int+3}
  3291 | D:4      | Noticed Blork the orc
  3301 | D:4      | Killed Blork the orc
  3301 | D:4      | Reached *** piety under Trog
  3822 | D:5      | Entered Level 5 of the Dungeon
  3822 | D:5      | Noticed Prince Ribbit
  3879 | D:4      | Reached skill level 8 in Axes
  4049 | D:5      | Killed Prince Ribbit
  4050 | D:5      | Reached XP level 7. HP: 38/64 MP: 6/6
  4323 | D:5      | Noticed Ijyb
  4336 | D:5      | Killed Ijyb
  4438 | D:5      | Reached skill level 9 in Axes
  4497 | D:5      | Identified the ring "Zol Qai" {+Blink rC++ Will+}
  4730 | D:5      | Noticed Pikel
  4759 | D:5      | Killed Pikel
  4760 | D:5      | Reached skill level 10 in Axes
  4760 | D:5      | Reached XP level 8. HP: 74/74 MP: 7/7
  4792 | D:5      | Reached skill level 11 in Axes
  4799 | D:5      | HP: 3/74 [something (5)]
  4800 | D:5      | HP: 1/74 [something (2)]
  4800 | D:5      | Slain by a sky beast

Illustrated notes

Levels and vault maps discovered:
D:1:      elethiomel_arrival_shortcut, layout_basic, minivault_26,
          ebering_dispersal_statue_hall
D:2:      layout_loops_corners, basic_altar,
          hellmonk_ecumenical_altar_slurped_away
D:3:      layout_basic, goddamned_bats
D:4:      layout_basic, saegor_snake_ambush, uniq_blork_the_orc
D:5:      layout_loops_ring, minmay_temple_entry_purple_smoke, nzn_random_ring,
          uniq_prince_ribbit1, uniq_pikel, uniq_ijyb

Skill      XL: |  1  2  3  4  5  6  7  8 |
---------------+-------------------------+-----
Axes           | 4 5 6 7 8 10 11 | 11.0
Fighting       | 4 5 6 7 8 |  8.2
Armour         | |  2.4
Dodging        | |  2.1

Action                   |  1- 3 |  4- 6 |  7- 9 || total
-------------------------+-------+-------+-------++-------
Melee: Hand axe          |    71 |   124 |    57 ||   252
       Headbutt          |    11 |    17 |    14 ||    42
       Punch             |       |     2 |       ||     2
Throw: Stone             |     4 |    12 |       ||    16
Invok: Berserk           |       |     5 |     1 ||     6
       Trog's Hand       |       |     2 |     1 ||     3
Armor: Animal skin       |     2 |       |       ||     2
       Scale mail        |    18 |    66 |    35 ||   119
Dodge: Dodged            |    41 |    81 |    31 ||   153
